 Dungeon Crawl Stone Soup version 0.26.1-11-gd32895ea62 (webtiles) character file.

Game seed: 15143822082069584940

173 unlimited1921 the Fighter (level 5, -1/57 HPs)
             Began as a Gnoll Wanderer on June 19, 2021.
             Slain by a hobgoblin
             ... wielding a +0 club
              (4 damage)
             ... on level 3 of the Dungeon.
             The game lasted 01:09:39 (2937 turns).

unlimited1921 the Fighter (Gnoll Wanderer)          Turns: 2937, Time: 01:09:40

Health: -1/57      AC:  3    Str: 17    XL:     5   Next: 53%
Magic:  7/7        EV: 13    Int: 16    God:
Gold:   141        SH:  0    Dex: 13    Spells: 7/7 levels left

rFire    . . .     SeeInvis .   a - +2 spear
rCold    + . .     Faith    .   (no shield)
rNeg     . . .     Spirit   .   d - +1 robe
rPois    .         Reflect  .   (no helmet)
rElec    .         Harm     .   (no cloak)
rCorr    .         Rampage  .   (no gloves)
Will     .....     Rnd*Tele +   (no boots)
Stlth    ++........             (no amulet)
HPRegen  0.19/turn              D - ring of teleportation (curse)
MPRegen  0.10/turn              (no ring)

@: no status effects
A: distributed training, fangs 1, talons 1, cold resistance 1, strong 1, no
potion heal 1, strong nose
a: no special abilities


You were on level 3 of the Dungeon.
You visited 1 branch of the dungeon, and saw 3 of its levels.

You collected 141 gold pieces.

Inventory:

Hand Weapons
 a - a +2 spear (weapon)
 e - a +0 dagger
 f - a +0 club
 h - a +0 dagger
 i - a +0 hand axe
 k - a +0 whip
 n - a +0 hunting sling
 o - a +0 short sword
 p - a +0 flail
 r - a +0 dagger
 u - a +0 hand axe
 B - a +3 hunting sling
 F - a +0 hunting sling
Missiles
 l - 36 arrows
 m - 10 sling bullets
 s - 114 stones (quivered)
Armour
 d - a +1 robe (worn)
 y - a +0 leather armour
 A - a +0 scale mail
Jewellery
 D - a cursed ring of teleportation (left hand)
Scrolls
 g - a scroll of identify {unknown}
 j - a scroll of immolation
Potions
 b - a potion of curing


   Skills:
 + Level 12.1 Fighting
 + Level 1.5 Short Blades
 + Level 1.5 Long Blades
 + Level 1.5 Axes
 + Level 1.5 Maces & Flails
 + Level 1.5 Polearms
 + Level 1.5 Staves
 + Level 1.5 Slings
 + Level 1.5 Bows
 + Level 1.5 Crossbows
 + Level 4.8 Throwing
 + Level 1.5 Armour
 + Level 3.0 Dodging
 + Level 2.8 Stealth
 + Level 1.5 Shields
 + Level 1.5 Unarmed Combat
 + Level 1.5 Spellcasting
 + Level 1.2 Conjurations
 + Level 1.2 Hexes
 + Level 1.2 Summonings
 + Level 1.2 Necromancy
 + Level 1.2 Translocations
 + Level 1.2 Transmutations
 + Level 1.2 Fire Magic
 + Level 1.2 Ice Magic
 + Level 1.2 Air Magic
 + Level 1.2 Earth Magic
 + Level 1.2 Poison Magic
 + Level 1.7 Invocations
 + Level 1.5 Evocations


You had 7 spell levels left.
You didn't know any spells.
Your spell library contained the following spells:

 Spells                   Type           Power        Failure   Level
 Confusing Touch          Hex            5%           36%         3
 Gell's Gravitas          Tloc           2%           36%         3
 Petrify                  Tmut/Erth      5%           78%         4
 Metabolic Englaciation   Hex/Ice        2%           98%         5
 Yara's Violent Unravell  Hex/Tmut       2%           98%         5


Dungeon Overview and Level Annotations

Branches:
Dungeon (3/15)

Altars:
Gozag
Okawaru
Ru


Innate Abilities, Weirdness & Mutations

Your experience applies equally to all skills.
You have very sharp teeth.
Your uncanny sense of smell can sniff out nearby items.
You have sharp toenails.
Your flesh is cold resistant. (rC+)
Your muscles are strong. (Str +2)
Potions are less effective at restoring your health.


Message History

The hobgoblin barely misses you. The hobgoblin closely misses you.
The hobgoblin hits you with a +0 club.
* * * LOW HITPOINT WARNING * * *
There is an open door here.
The hobgoblin closely misses you.
A gnoll comes into view. It is wielding a +0 club.
The hobgoblin hits you with a +0 club.
* * * LOW HITPOINT WARNING * * *
Throw: 115 stones
Press: ? - help, Q - select action Shift-Dir - straight line, f - gnoll, p - hobgoblin
Aim: a gnoll, wielding a +0 club (69% to hit)
You throw a stone.
The stone hits the gnoll but does no damage.
The hobgoblin barely misses you. The hobgoblin hits you with a +0 club!
* * * LOW HITPOINT WARNING * * *
The hobgoblin hits you but does no damage.
The hobgoblin hits you with a +0 club.
You die...

≈....≈≈.≈≈≈≈.≈...≈.≈≈.≈≈≈≈≈≈≈≈.≈.
≈....≈≈≈≈≈≈≈≈≈≈≈≈≈≈≈≈≈≈≈≈≈≈≈≈≈≈≈≈
≈.....≈≈≈≈≈≈≈≈≈≈≈≈≈≈≈≈≈≈≈≈≈≈≈≈≈≈≈
≈....≈≈≈≈≈≈≈≈≈≈≈≈≈≈≈≈≈≈≈≈≈≈≈≈≈###
##''###########################
#....#()((...#.....## #.....
#....#...)...'.....(###......
#....#########.(...g(#.......
......#)...)....@g.()#(..g...
......))......(..†)(())(.(...
......#..(......(....#.......
#....#########......(#.......
#....# +.....(###...... #....#
#.((..## #..... ###### #######
#####


You could see a gnoll and a neutral hobgoblin (fast, strong, insane).

Vanquished Creatures
  2 gnolls (D:3)
  3 adders
  An ooze (D:3)
  4 worms
  5 dart slugs
  4 leopard geckos
  2 orcs (D:3)
  2 giant cockroaches (D:2)
  23 goblins
  18 hobgoblins
  3 jackals (D:1)
  4 kobolds
  A ball python (D:1)
  6 bats
  4 frilled lizards
  5 rats
87 creatures vanquished.

Vanquished Creatures (collateral kills)
  2 hobgoblins (D:3)
  A kobold (D:3)
3 creatures vanquished.

Vanquished Creatures (others)
  2 goblins (D:3)
  A hobgoblin (D:3)
3 creatures vanquished.

Grand Total: 93 creatures vanquished

Notes
Turn   | Place    | Note
-------+----------+-------------------------------------------
     0 | D:1      | Reached skill level 12 in Fighting
     0 | D:1      | unlimited1921 the Gnoll Wanderer began the quest for the
                  | Orb.
     0 | D:1      | unlimited1921 set off with the following items: a +2 spear,
                  | a potion of curing, a scroll of teleportation, a +0 robe
     0 | D:1      | Reached XP level 1. HP: 31/31 MP: 1/1
   113 | D:1      | Reached XP level 2. HP: 38/38 MP: 2/2
   443 | D:1      | Reached XP level 3. HP: 44/44 MP: 3/3
   898 | D:2      | Reached skill level 1 in Invocations
  1141 | D:2      | Reached skill level 1 in Short Blades
  1141 | D:2      | Reached skill level 1 in Long Blades
  1141 | D:2      | Reached skill level 1 in Axes
  1141 | D:2      | Reached skill level 1 in Maces & Flails
  1141 | D:2      | Reached skill level 1 in Polearms
  1141 | D:2      | Reached skill level 1 in Staves
  1141 | D:2      | Reached skill level 1 in Slings
  1141 | D:2      | Reached skill level 1 in Bows
  1141 | D:2      | Reached skill level 1 in Crossbows
  1141 | D:2      | Reached skill level 1 in Armour
  1141 | D:2      | Reached skill level 1 in Shields
  1141 | D:2      | Reached skill level 1 in Unarmed Combat
  1141 | D:2      | Reached skill level 1 in Spellcasting
  1141 | D:2      | Reached skill level 1 in Evocations
  1179 | D:2      | Reached XP level 4. HP: 44/51 MP: 5/5
  1269 | D:2      | Found a sacrificial altar of Ru.
  1753 | D:3      | Gained mutation: Potions are less effective at restoring
                  | your health. [potion of mutation]
  1753 | D:3      | Gained mutation: Your flesh is cold resistant. (rC+)
                  | [potion of mutation]
  1753 | D:3      | Gained mutation: You have sharp toenails. [potion of
                  | mutation]
  1753 | D:3      | Gained mutation: Your muscles are strong. (Str +2) [potion
                  | of mutation]
  1921 | D:3      | Found an iron altar of Okawaru.
  1921 | D:3      | Found an opulent altar of Gozag.
  1972 | D:3      | Reached skill level 1 in Conjurations
  1972 | D:3      | Reached skill level 1 in Hexes
  1972 | D:3      | Reached skill level 1 in Summonings
  1972 | D:3      | Reached skill level 1 in Necromancy
  1972 | D:3      | Reached skill level 1 in Translocations
  1972 | D:3      | Reached skill level 1 in Transmutations
  1972 | D:3      | Reached skill level 1 in Fire Magic
  1972 | D:3      | Reached skill level 1 in Ice Magic
  1972 | D:3      | Reached skill level 1 in Air Magic
  1972 | D:3      | Reached skill level 1 in Earth Magic
  1972 | D:3      | Reached skill level 1 in Poison Magic
  2321 | D:3      | Reached XP level 5. HP: 45/57 MP: 6/6
  2936 | D:3      | HP: 2/57 [hobgoblin/+0 club (7)]
  2937 | D:3      | Slain by a hobgoblin

Illustrated notes

Levels and vault maps discovered:
D:1:      mainiacjoe_arrival_reflecting_pool, layout_basic, serial_corexii_hall,
          corexii_hall_statues_i, chequers_hall_statues_corner_a,
          corexii_hall_statues_u, chequers_hall_statues_wall_a
D:2:      layout_basic, nicolae_ru_path_of_blood
D:3:      minmay_goblin_kobold_castle, layout_loops_cross, lemuel_round_altar,
          gammafunk_temple_overflow_statue, minmay_misc_feat_tiny

Skill      XL: |  1  2  3  4  5 |
---------------+----------------+-----
Fighting       | | 12.1
Invocations    | 1 |  1.7
Short Blades   | 1 |  1.5
Long Blades    | 1 |  1.5
Axes           | 1 |  1.5
Maces & Flails | 1 |  1.5
Polearms       | 1 |  1.5
Staves         | 1 |  1.5
Slings         | 1 |  1.5
Bows           | 1 |  1.5
Crossbows      | 1 |  1.5
Armour         | 1 |  1.5
Shields        | 1 |  1.5
Unarmed Combat | 1 |  1.5
Spellcasting   | 1 |  1.5
Evocations     | 1 |  1.5
Conjurations   | 1 |  1.2
Hexes          | 1 |  1.2
Summonings     | 1 |  1.2
Necromancy     | 1 |  1.2
Translocations | 1 |  1.2
Transmutations | 1 |  1.2
Fire Magic     | 1 |  1.2
Ice Magic      | 1 |  1.2
Air Magic      | 1 |  1.2
Earth Magic    | 1 |  1.2
Poison Magic   | 1 |  1.2
Dodging        | 3 |  3.0
Throwing       | |  4.8
Stealth        | |  2.8

Action                   |  1- 3 |  4- 6 || total
-------------------------+-------+-------++-------
Melee: Spear             |    91 |   122 ||   213
       Bite              |    11 |    12 ||    23
       Kick              |       |    13 ||    13
Throw: Dart              |       |    44 ||    44
       Stone             |       |     3 ||     3
  Use: Scroll            |     3 |     3 ||     6
       Potion            |       |     2 ||     2
 Stab: Sleeping          |     5 |     3 ||     8
Armor: Robe              |     4 |    20 ||    24
Dodge: Dodged            |    40 |   127 ||   167
